 Dungeon Crawl Stone Soup version 0.31-a0-319-g4fced400ed (webtiles) character file.

Game seed: 14662245571915859298

228 mopl the Changeling (level 6, -1/42 HPs)
             Began as an Octopode Shapeshifter on July 18, 2023.
             Slain by an orc
             ... wielding a +2 falchion of electrocution
              (12 damage)
             ... on level 4 of the Dungeon.
             The game lasted 00:02:03 (2061 turns).

mopl the Changeling (Octopode Shapeshifter)         Turns: 2061, Time: 00:02:04

Health: -1/42      AC:  1    Str: 14    XL:     6   Next: 2%
Magic:  6/6        EV: 11    Int: 11    God:
Gold:   121        SH:  9    Dex: 14    Spells: 5/5 levels left

rFire   . .          .
                       - Unarmed
rCold   . . .        l - +2 kite shield
rNeg    . . .        (helmet currently unavailable)
rPois   .            r - amulet of faith {!P}
rElec   .            g - ring of flight
rCorr   .            (no ring)
SInv    .            (no ring)
Will    .....        (no ring)
Stlth   ++           (no ring)
HPRegen 0.27/turn    (no ring)
MPRegen 0.10/turn    (no ring)
                     (no ring)

%: faith
@: beast-form, flying
A: beast (slay +2), almost no armour, amphibious, 8 rings, camouflage 1,
gelatinous body 1, (nimble swimmer 1), tentacles
a: Begin Untransformation


You were on level 4 of the Dungeon.
You were a hulking beast.
You visited 1 branch of the dungeon, and saw 4 of its levels.

You collected 121 gold pieces.

Inventory:

Missiles
 i - 7 poisoned darts (quivered)
 o - 5 boomerangs of dispersal
Armour
 l - a +2 kite shield (worn)
Jewellery
 g - a ring of flight (left tentacle)
 r - an amulet of faith (around mantle) {!P}
Talismans
 b - a beast talisman
Scrolls
 c - 2 scrolls of noise {unknown}
 m - a scroll of identify {unknown}
 p - a scroll of summoning {unknown}
 q - a scroll of enchant armour {unknown}
 s - a scroll of revelation {unknown}
Potions
 a - 2 potions of lignification {!q}
 d - 2 potions of curing {unknown}
 e - a potion of enlightenment {unknown}
 f - 2 potions of magic {unknown}
 h - a potion of might {unknown}
 j - a potion of mutation {unknown}
 k - a potion of resistance {unknown}
 n - a potion of heal wounds {unknown}


   Skills:
 + Level 3.0 Fighting
 + Level 2.9 Dodging
 * Level 3.9 Unarmed Combat
 * Level 4.0 Shapeshifting


You had 5 spell levels left.
You didn't know any spells.
Your spell library was empty.

Dungeon Overview and Level Annotations

Branches:
Dungeon (4/15)
 Temple: D:4-7

Altars:
Fedhas
Qazlal


Innate Abilities, Weirdness & Mutations

You are a hulking beast.
Your limbs bulge with bestial killing power. (Slay +2)
You cannot wear most types of armour.
You are amphibious.
You can wear up to eight rings at the same time.
Your skin changes colour to match your surroundings (Stealth+).
Your rubbery body absorbs attacks. (AC +1, EV +1)
((You are camouflaged when in or above water. (Stealth+)))
You have tentacles for arms and can constrict up to eight enemies at once.


Message History

The scorpion stings you.
You are too injured to fight recklessly!
You are too injured to fight recklessly!
You tentacle-slap the scorpion.
The scorpion is lightly wounded.
You constrict the scorpion, but do no damage.
You block the orc's attack. The scorpion misses you.
You block the scorpion's attack. You block the orc's attack.
You tentacle-slap the scorpion.
The scorpion is lightly wounded.
You constrict the scorpion. You block the scorpion's attack.
The orc completely misses you.
You tentacle-slap the scorpion but do no damage.
You squeeze the scorpion, but do no damage.
The scorpion is lightly wounded.
You constrict the scorpion. The scorpion stings you.
You block the orc's attack.
You tentacle-slap the scorpion.
The scorpion is heavily wounded.
You constrict the scorpion. You block the scorpion's attack.
The orc misses you. The scorpion stings you.
You tentacle-slap the scorpion.
You squeeze the scorpion, but do no damage.
The scorpion is severely wounded.
You constrict the scorpion. The orc misses you. The scorpion misses you.
You tentacle-slap the scorpion.
You kill the scorpion!
You block the orc's attack.
Your Fighting skill increases to level 3!
Your Shapeshifting skill increases to level 4!
You have reached level 6!
You start resting.
An orc is nearby!
You block the orc's attack. x2
You closely miss the orc. You grab the orc. You squeeze the orc.
You kill the orc!
The orc hits you with a +2 falchion of electrocution!
* * * LOW HITPOINT WARNING * * *
You are electrocuted!
You die...

.....##.##.#.#.#
#...##.##.#....
#...##.##.###.##
#..)##.##.###.# #.
#......#....# # ##.
#.........#.# ...
#......#.##.#
##.####.........#o#
.....##..#####..h)#
.........# #.####
.....##.### #.#
..........####.#
....##.......#.#
....##...###...
....##...# #.
###)###.##
.........#


You could see an orc.

Vanquished Creatures
  A kobold brigand (D:4)
  A scorpion (D:4)
  5 adders
  A worm (D:4)
  3 dart slugs
  2 orcs (D:4)
  2 ball pythons (D:1)
  4 bats
  An endoplasm (D:4)
  3 giant cockroaches
  3 goblins
  5 hobgoblins
  A quokka (D:2)
  8 kobolds
  6 rats (D:1)
46 creatures vanquished.

Notes
Turn   | Place    | Note
-------+----------+-------------------------------------------
     0 | D:1      | mopl the Octopode Shapeshifter began the quest for the Orb.
     0 | D:1      | Reached XP level 1. HP: 14/14 MP: 1/1
   159 | D:1      | Reached XP level 2. HP: 18/19 MP: 2/2
   769 | D:2      | Reached XP level 3. HP: 22/24 MP: 3/3
  1010 | D:2      | Reached XP level 4. HP: 23/30 MP: 4/4
  1011 | D:2      | Reached skill level 3 in Unarmed Combat
  1343 | D:3      | Found a faded altar of an unknown god.
  1823 | D:3      | Found a blossoming altar of Fedhas.
  1828 | D:3      | Found a stormy altar of Qazlal.
  1919 | D:4      | Noticed a kobold brigand
  1931 | D:4      | Killed a kobold brigand
  1932 | D:4      | Reached XP level 5. HP: 29/36 MP: 5/5
  2058 | D:4      | Reached skill level 3 in Fighting
  2058 | D:4      | Reached skill level 4 in Shapeshifting
  2058 | D:4      | Reached XP level 6. HP: 17/42 MP: 6/6
  2061 | D:4      | Slain by an orc

Illustrated notes

Levels and vault maps discovered:
D:1:      elethiomel_arrival_diamonds, layout_loops_ring
D:2:      layout_basic, kennysheep_generic_room_3
D:3:      layout_basic, grunt_temple_overflow_forces_of_nature,
          basic_ecumenical_altar
D:4:      layout_basic

Skill      XL: |  1  2  3  4  5 |
---------------+----------------+-----
Unarmed Combat | 3 |  3.9
Fighting       | 3 |  3.0
Shapeshifting  | 4 |  4.0
Dodging        | |  2.9

Action                     |  1- 3 |  4- 6 || total
---------------------------+-------+-------++-------
  Melee: Unarmed           |    54 |    39 ||    93
         Constrict         |    20 |    11 ||    31
         Tentacles         |    12 |     9 ||    21
         Punch             |     1 |     2 ||     3
   Stab: Sleeping          |     4 |     1 ||     5
 Armour: Skin              |     6 |     1 ||     7
  Dodge: Dodged            |    26 |     9 ||    35
  Block: Kite shield       |       |    19 ||    19

Table legend: (Time is in decaauts)
 A = Elapsed time spent in this place.
 B = Non-inter-level travel time spent in this place.
 C = Inter-level travel time spent in this place.
 D = Time resting spent in this place.
 E = Time spent auto-exploring this place.
 F = Levels seen in this place.
 G = Mean time per level.
                   A        B        C        D        E       F      G
               +--------+--------+--------+--------+--------+-----+--------+
         Total |   2063 |   1976 |     87 |     56 |   1580 |   4 |  515.8 |
       Dungeon |   2063 |   1976 |     87 |     56 |   1580 |   4 |  515.8 |
               +--------+--------+--------+--------+--------+-----+--------+

Top non-repeatable levels by time:
     D:1: 686 daAuts
     D:3: 673 daAuts
     D:2: 539 daAuts
     D:4: 163 daAuts
